Map: Ever Dream LE

Players

jheffe

  • Race: Terran Terran
  • League: Master
  • Spawn Location: 1:00

Namshar - Winner!

  • Race: Zerg Zerg
  • League: Grandmaster
  • Spawn Location: 7:00

Event: DreamHack SC2 Masters 2020 Summer North America

VOD

Have the link to the VOD?

Description

Time

  • Played on: July 1, 2020, 4:43 p.m.
  • Length: 16:02

All games in this series

Show
View Real Time Build Order
Export as new Build Order

jheffe Terran 

Build Orders:  

Get SALT Encoding   

  12  0:01  SCV  
  13  0:13  SCV  
  14  0:19  Supply Depot  
  14  0:36  SCV  
  14  0:40  Barracks  
  15  0:51  Barracks  
  15  0:55  SCV  
  16  1:07  SCV  
  17  1:15  Refinery  
  17  1:19  SCV  
  18  1:27  Marine  
  19  1:34  Orbital Command  
  19  1:38  Marine  
  20  1:43  Supply Depot  
  20  1:45  Marine  
  21  1:56  Bunker  
  21  1:58  Marine  
  22  2:01  Bunker  
  22  2:05  Marine  
  23  2:10  SCV  
  24  2:17  Marine  
  24  2:22  SCV  
  26  2:34  Factory, Marine, SCV  
  28  2:38  Supply Depot  
  28  2:46  SCV  
  28  2:48  Marine  
  30  2:52  Marine  
  31  2:59  SCV  
  32  3:06  Marine  
  32  3:12  SCV  
  32  3:26  SCV  
  32  3:32  Starport, Marine x2  
  32  3:34  Factory Tech Lab  
  32  3:38  SCV  
  32  3:39  Refinery  
  33  3:46  Command Center  
  33  3:57  Cyclone  
  33  4:02  SCV  
  37  4:09  Viking  
  37  4:18  SCV  
  38  4:30  SCV  
  36  4:39  Siege Tank  
  35  5:00  Orbital Command  
  35  5:02  Barracks Reactor  
  35  5:05  Starport Tech Lab, SCV  
  36  5:09  Command Center  
  36  5:17  SCV  
  38  5:28  Orbital Command  
  38  5:29  Siege Tank, SCV  
  41  5:38  Starport Reactor  
  41  5:41  SCV, Barracks  
  41  5:42  Barracks  
  42  5:49  Stimpack  
  42  5:53  SCV  
  42  5:54  SCV  
  44  5:58  Marine  
  45  6:05  SCV  
  45  6:11  Engineering Bay x2  
  46  6:20  Marine, SCV x2  
  46  6:23  Refinery  
  46  6:24  Orbital Command  
  49  6:30  Starport Reactor  
  51  6:32  SCV x2  
  51  6:40  Terran Infantry Weapons Level 1, Terran Infantry Armor Level 1  
  51  6:44  Refinery  
  51  6:45  SCV x2  
  53  6:49  SCV  
  54  6:56  Supply Depot  
  54  6:57  Supply Depot, Marine x2, SCV x2  
  54  6:58  Marine x2  
  61  7:10  Marine  
  61  7:17  Orbital Command, Marine x3, Supply Depot, Medivac  
  61  7:18  SCV x2  
  61  7:20  Barracks  
  68  7:23  Barracks  
  68  7:30  SCV x2  
  68  7:31  Marine  
  68  7:34  Combat Shield  
  71  7:40  Supply Depot  
  71  7:42  SCV x3  
  74  7:45  Marine x2  
  74  7:47  Marine  
  77  7:54  SCV x3  
  77  7:55  Siege Tank  
  83  8:00  Marine x2  
  83  8:03  Marine x2  
  87  8:06  SCV x3  
  87  8:10  Armory  
  87  8:11  Supply Depot, Medivac  
  92  8:13  Missile Turret  
  92  8:18  SCV x2  
  91  8:21  Marine  
  91  8:22  Barracks Reactor x2  
  91  8:23  SCV  
  93  8:28  Supply Depot  
  93  8:29  Supply Depot  
  93  8:32  Marine x3  
  93  8:33  SCV x2, Medivac  
  100  8:35  SCV  
  101  8:49  Marine, SCV, Medivac  
  101  8:50  Siege Tank, Marine x3, SCV x2  
  101  8:52  Refinery  
  101  8:53  Supply Depot  
  101  8:54  Supply Depot  
  101  8:55  Supply Depot  
  113  9:02  SCV  
  114  9:03  Medivac  
  114  9:04  Marine  
  114  9:09  Terran Infantry Weapons Level 2, Terran Infantry Armor Level 2  
  117  9:14  Marine x3  
  120  9:19  Medivac  
  120  9:21  Marine  
  120  9:22  Marine x3  
  126  9:25  Factory  
  126  9:26  Command Center  
  114  9:42  Marine x8  
  114  9:43  Drilling Claws  
  114  9:44  Widow Mine  
  124  9:49  Medivac x2  
  126  10:02  Marine x4  
  126  10:03  Marine x4  
  130  10:08  Barracks x3  
  130  10:10  Marine  
  130  10:19  Widow Mine  
  130  10:20  Marine x5  
  130  10:21  Marine x2  
  133  10:28  Marine x2  
  136  10:30  Factory Reactor  
  136  10:31  Supply Depot  
  136  10:38  Marine x3  
  136  10:39  Marine x3  
  141  10:55  Marine x3  
  141  10:56  Marine x2, Barracks Tech Lab x2  
  143  10:58  Barracks Tech Lab  
  143  11:14  Marine x5  
  143  11:15  Marine  
  143  11:16  Widow Mine x2  
  148  11:26  Marine  
  148  11:27  Marine  
  150  11:34  Terran Infantry Armor Level 3, Terran Infantry Weapons Level 3  
  150  11:35  Marine x2  
  150  11:36  Marauder x2  
  150  11:38  Widow Mine x2  
  152  11:42  Marauder, Marine x4  
  152  11:43  Marauder  
  152  11:46  Marine x2  
  157  11:53  Marine x2  
  152  11:57  Marauder x2  
  156  12:04  Marauder  
  156  12:07  Marine x2  
  156  12:08  Marauder, Marine  
  142  12:10  Widow Mine x3  
  148  12:18  Marauder  
  148  12:22  Marauder, Marine x3  
  139  12:25  Marauder  
  139  12:29  Marauder  
  121  12:36  SCV x3  
  122  12:44  Marine x2  
  122  12:45  Marauder x2, Marine x6  
  122  12:47  Marauder  
  122  12:48  SCV  
  122  12:51  Marauder  
  118  13:02  Marine x2  
  118  13:03  Marine x3  
  116  13:06  Marauder  
  116  13:07  SCV x3  
  116  13:09  Planetary Fortress  
  121  13:13  Widow Mine x2  
  121  13:19  SCV x3  
  128  13:20  Marine  
  129  13:28  Marine x4  
  129  13:29  Marine x3  
  129  13:31  SCV x3  
  139  13:43  SCV x3  
  139  13:47  SCV  
  139  13:48  Marine x6  
  146  13:49  Marauder x2  
  146  13:55  SCV x2  
  143  13:59  Marine x4  
  144  14:04  Medivac x2  
  144  14:05  Marine  
  144  14:06  Marine x2  
  144  14:07  Supply Depot  
  151  14:10  Marauder x2  
  151  14:17  Sensor Tower  
  155  14:19  Marine x2  
  155  14:20  Marauder  
  155  14:21  Widow Mine  
  155  14:22  Widow Mine  
  163  14:27  Orbital Command, Concussive Shells  
  163  14:28  Marine x2  
  163  14:29  Marauder  
  167  14:33  Supply Depot x2  
  167  14:34  Medivac x2  
  141  15:04  Medivac x2  
  142  15:09  Marauder, Marine x2  
  142  15:13  Marine x5  
  142  15:14  Command Center  
  133  15:44  Marine x4  
Show
View Real Time Build Order
Export as new Build Order

Namshar Zerg - Winner!

Build Orders: Hatch First 

Get SALT Encoding   

  12  0:00  Drone  
  13  0:12  Overlord  
  13  0:16  Drone  
  14  0:30  Drone x2  
  16  0:47  Hatchery  
  15  0:50  Drone  
  15  0:53  Drone  
  17  0:57  Drone  
  18  1:08  Extractor  
  17  1:12  Spawning Pool  
  17  1:16  Drone  
  17  1:19  Drone  
  18  1:27  Drone  
  19  1:38  Drone  
  20  1:55  Extractor  
  20  1:59  Roach Warren, Queen  
  20  2:00  Zergling x4  
  22  2:01  Queen  
  22  2:08  Overlord  
  23  2:34  Overlord  
  23  2:40  Roach x2  
  23  2:41  Roach x2  
  31  2:46  Roach  
  33  3:00  Ravager  
  33  3:01  Ravager  
  33  3:03  Ravager  
  36  3:08  Roach  
  37  3:26  Roach x3  
  38  3:35  Ravager  
  38  3:36  Drone x2  
  42  3:48  Drone x3  
  42  3:50  Overlord  
  44  3:59  Overlord  
  44  4:05  Metabolic Boost  
  44  4:17  Drone x4  
  43  4:50  Drone x9  
  47  5:10  Queen  
  47  5:11  Lair  
  49  5:15  Hatchery  
  49  5:19  Drone  
  49  5:20  Drone x3, Extractor  
  51  5:21  Extractor  
  51  5:23  Evolution Chamber  
  51  5:27  Drone x2  
  51  5:36  Baneling Nest  
  51  5:37  Evolution Chamber  
  51  5:38  Ravager  
  51  5:40  Drone x2  
  52  5:43  Drone x3  
  55  5:57  Spore Crawler  
  55  5:58  Drone, Spore Crawler  
  55  6:03  Overlord x2  
  55  6:04  Overlord  
  54  6:10  Overlord  
  54  6:12  Overseer  
  54  6:26  Zerg Melee Weapons Level 1, Zerg Ground Armor Level 1  
  54  6:27  Queen  
  54  6:28  Queen  
  54  6:29  Drone x2  
  54  6:30  Drone x3  
  54  6:31  Drone x4  
  67  6:38  Ravager  
  67  6:39  Overlord  
  68  6:43  Roach x2  
  72  6:52  Overlord  
  72  6:54  Roach  
  74  7:08  Drone x9  
  82  7:10  Drone  
  82  7:13  Centrifical Hooks  
  84  7:19  Drone x4  
  88  7:25  Overlord  
  88  7:31  Hatchery, Ravager  
  88  7:32  Ravager x2, Zergling x4  
  88  7:33  Zergling x10  
  88  7:37  Extractor  
  96  7:42  Drone x2  
  98  7:44  Overlord x2  
  98  7:46  Zergling x4  
  98  7:47  Zergling x6  
  98  7:49  Drone  
  104  7:52  Baneling x11  
  104  7:59  Zergling x4  
  106  8:11  Drone, Overlord x2  
  107  8:12  Infestation Pit  
  107  8:19  Zergling x12  
  111  8:30  Hatchery  
  111  8:31  Queen  
  112  8:34  Baneling  
  112  8:36  Zergling x10  
  112  8:39  Queen x2  
  121  8:47  Drone x8, Queen  
  129  8:59  Drone  
  129  9:00  Drone x3  
  129  9:01  Drone  
  134  9:07  Pneumatized Carapace  
  134  9:12  Overlord  
  134  9:13  Overlord x3  
  134  9:14  Zerg Melee Weapons Level 2, Zerg Ground Armor Level 2  
  134  9:29  Zergling x8  
  134  9:30  Zergling x12  
  139  9:42  Extractor  
  138  9:46  Zergling x6  
  138  9:47  Zergling x24  
  138  9:48  Zergling x2  
  152  9:57  Hatchery  
  152  9:58  Queen  
  150  10:07  Zergling x26  
  162  10:21  Zergling x18  
  167  10:33  Overlord x4  
  166  10:39  Hive  
  166  10:44  Zergling x28  
  166  10:45  Baneling x10  
  166  10:46  Baneling x9  
  177  10:58  Zergling x16  
  186  11:04  Zergling x6  
  186  11:05  Baneling x4  
  186  11:06  Baneling x7  
  186  11:10  Baneling x3  
  178  11:20  Zergling x28  
  179  11:35  Queen  
  179  11:39  Drone x2  
  176  11:40  Zergling x24  
  176  11:41  Zergling x10  
  193  11:53  Overseer x2, Burrow  
  184  11:57  Zergling x2  
  184  11:58  Zergling x24  
  180  12:13  Zergling x2  
  180  12:14  Zergling x26  
  194  12:21  Hatchery  
  173  12:25  Zergling x6  
  173  12:26  Zergling x16  
  161  12:30  Zergling x8  
  163  12:40  Baneling x13, Ultralisk Cavern  
  162  12:47  Zerg Ground Armor Level 3  
  162  12:49  Baneling x6  
  161  12:52  Hatchery  
  161  12:54  Zerg Melee Weapons Level 3  
  146  13:05  Adrenal Glands  
  142  13:09  Drone x11  
  153  13:18  Drone x3  
  156  13:24  Overlord  
  156  13:25  Viper x2  
  162  13:28  Chitinous Plating  
  162  13:34  Ultralisk  
  162  13:37  Ultralisk  
  174  13:42  Spire  
  173  13:49  Ultralisk, Zergling x6  
  172  13:59  Overseer x2  
  172  14:02  Ultralisk x2  
  176  14:08  Drone  
  176  14:09  Drone x2  
  179  14:19  Ultralisk  
  179  14:20  Drone x3  
  179  14:21  Drone  
  179  14:22  Extractor  
  179  14:23  Drone x3  
  191  14:24  Hatchery  
  191  14:29  Zergling x18  
  191  14:30  Overseer  
  193  14:47  Anabolic Synthesis  
  169  14:54  Ultralisk, Zergling x8  
  169  14:55  Zergling x12  
  172  15:09  Corruptor x6  
  184  15:16  Baneling  
  184  15:17  Baneling x4  
  184  15:18  Zergling x30  
  199  15:35  Hatchery, Zergling x2  
  197  15:36  Zergling x6  
  197  15:40  Zergling x22  
Tags
 
Add a new tag
Caveats
  • Supply blocks, unpowered buildings, or Contaminate may cause inaccurate times.
  • Supply counts are checked every 10 seconds.